Yev-Ruu, chaotic female vampiric Convict ---------- --- --- | |*.......0 .. .| |..----- ----|.-------- ---#----- -.| ....|. --..||.| ....... |.| ..... |...||.| - -......- |.----------- -- -- ...- |...-|.|.| |......| | | |*..........| --.---.-- |..---....|.#.| |...... .. |.|....------.--|.......| -..........|.| |......| . |.#....--- ...|.......| --- --..........| | -- --......-----|--- --.|......------.........| |..--...........| -- --- --......o................|....%.....--..>......| --.............|.|..............{........{.........|.............|.......| |......--....--|.| -- --- -- --o%.--).....0.. |.--..%---...---......- -----.....--..--- |.| |..o0.|.------.- |.|--..| |..-- ..--...| |.............-----.| |.%ooo|.|..| . | |.------ ---- --- -- |...................| |.(o)@|...(.....| |..-- -----........------.| |..)_N|.|.......| |...| |.........| |.| ------------- -------.---------.|...-- --.....<.-| |.|......................0.. 0.#.......- |........| |.-----------#---------+--#----------.---..-- ---..--..| |...............................%...%.| --- --- ---- --------------------------------------- Yev-Ruu the Jail-bird Experience level: 9 Strength: 14 Dexterity: 11 Constitution: 19 Intelligence: 14 Wisdom: 9 Charisma: 6 Health: 0(100) Energy: 52(52) AC: 5 Gold: 963 Moves: 3713 Your Inventory: Coins $ - 963 gold pieces Armor b - a cursed +0 striped shirt (being worn) p - a cursed +0 cloak of displacement (being worn) D - a cursed +0 pair of hard shoes [iron] (being worn) G - an [uncursed +2] mummy wrapping H - an [uncursed] +0 hard hat [dwarvish iron helm] (being worn) I - a [blessed +4] pair of riding boots [kicking] Scrolls l - a [blessed] scroll of identify q - an [uncursed] scroll labeled KERNOD WEL [of fire] t - an [uncursed] scroll labeled HZLRC KSTSBD MPFNG [of remove curse] J - an [uncursed] scroll labeled KO BATE [of create monster] K - an [uncursed] scroll of identify Potions j - a [blessed] potion of oil Rings A - a [cursed] copper ring [of polymorph control] Wands n - an [uncursed] wand of lightning (0:0) C - an [uncursed] wand of create monster [0:11] Tools m - an [uncursed] towel v - an [uncursed] magic marker [0:37] y - 3 [uncursed wax] candles B - an [uncursed] lock pick S - an [uncursed +0] pick-axe T - 4 [uncursed tallow] candles Gems o - 4 [uncursed] violet gems [worthless glass] s - 3 [uncursed] red gems [worthless glass] u - an [uncursed] yellow gem [worthless glass] E - an [uncursed] blue gem [worthless glass] F - 4 [uncursed] black gems [worthless glass] O - an [uncursed] green gem [worthless glass] P - 3 [uncursed] white gems [fluorite] Q - an [uncursed] white gem [worthless glass] R - 2 [uncursed] yellowish brown gems [worthless glass] U - an [uncursed] violet gem [amethyst] V - an [uncursed] orange gem [worthless glass] Spells known in the end: Name Level Category Fail Memory a - fireball 4 attack 100% [||||||||] Your skills at the end: Fighting Skills Weapon Skills flail [Basic / Expert] sling [Basic / Skilled] Spellcasting Skills Final Attributes: You were piously aligned. Hunger level was 750. Your alignment was 28 / 28. Monster difficulty range was 1 - 7. Level difficulty was 6. You were immune to poison. You were immune to level-drain. You were immune to sickness. You were punished. You were displaced. You could fly. You could survive without air. You regenerated. You were unlucky (-2). Tymora was angry with you (1). You are dead. Vanquished creatures: a mind flayer 3 ice trolls a dwarf king a stone giant an elf mummy a cobra a giant spider a scorpion an ice vortex an owlbear a human zombie a rope golem a Mordor orc an Uruk-hai an orc shaman a shrieker a violet fungus 7 gnome lords 2 gnomish wizards a kobold mummy 8 dwarves 7 hill orcs a rabid rat 2 orc zombies a werejackal an acid blob a gas spore 3 hobbits a hobgoblin 3 giant rats a cave spider a brown mold 2 green molds 2 red molds 47 gnomes 18 garter snakes a gecko 3 jackals 2 foxes 2 kobolds 15 goblins a sewer rat 6 newts 158 creatures vanquished. Voluntary challenges: You went without food. You never hit with a wielded weapon. You read items or engraved 6 times. You put on armor 5 times. You never genocided any monsters. You never polymorphed an object. You never changed form. You used no wishes. You abstained from Elbereth's help. You never encountered a bones level. You never used any Sokoban shortcuts. Dungeon overview: The Dungeons of Doom: levels 1 to 4 Level 1 an altar a long staircase Level 3 stairs to The Gnomish Mines The Gnomish Mines: levels 4 to 9 Level 4 stairs to The Dungeons of Doom Level 6 <- You were here a general store, a temple to Tymora, a magic chest, some fountains History has recorded: On T:1 you entered the Dungeons of Doom to retrieve the Amulet of Yendor! On T:613 you reached level 2 of The Dungeons of Doom. On T:683 you advanced to experience level 2. On T:1050 you advanced to experience level 3. On T:1131 you reached level 3 of The Dungeons of Doom. On T:1261 you advanced to experience level 4. On T:1529 you reached level 4 of The Dungeons of Doom. On T:1783 you advanced to experience level 5. On T:1821 you reached level 1 of The Gnomish Mines. On T:1893 you advanced to experience level 6. On T:2250 you reached level 2 of The Gnomish Mines. On T:2277 you advanced to experience level 7. On T:2290 you reached level 5 of The Gnomish Mines. On T:2457 you reached level 6 of The Gnomish Mines. On T:2482 you advanced to experience level 8. On T:2707 you reached level 4 of The Gnomish Mines. On T:3112 you advanced to experience level 9. On T:3375 you reached level 3 of The Gnomish Mines. On T:3698 you received a rustproof thirsty flail from Tymora. Latest messages: The goblin is killed! [HP-8=6] You finish your prayer. You feel that Tymora is displeased. [HP+1=7] [3 turns] The goblin hits! The Uruk-hai tries to wield a crude short sword. The Uruk-hai's crude bow is welded to her hand! [HP-1=6] An uncursed heavy iron ball (chained to you) hits the temple's ceiling, then falls back on top of your head. Fortunately, you are wearing a hard helmet. An uncursed heavy iron ball (chained to you) hits the floor. You hear the howling of the CwnAnnwn... The Mordor orc picks up a knife. The orc-captain swings his crude bow. The orc-captain hits! The orc-captain swings his crude bow. The orc-captain hits! You die... Final status: Goodbye Yev-Ruu the Convict... You died in The Gnomish Mines on dungeon level 6 with 9217 points, and 963 pieces of gold, after 3713 moves. You were level 9 with a maximum of 100 hit points when you died.